Map: Blueshift LE

Players

Elazer - Winner!

  • Race: Zerg Zerg
  • Spawn Location: 1:00

Harstem

  • Race: Protoss Protoss
  • League: Master
  • Spawn Location: 7:00

Event: HomeStory Cup XVIII

VOD

Have the link to the VOD?

Description

Time

  • Played on: Nov. 24, 2018, 7:23 a.m.
  • Length: 15:30

All games in this series

Show
View Real Time Build Order
Export as new Build Order

Elazer Zerg - Winner!

Build Orders: Hatch First, Swarm Host 

Get SALT Encoding   

  12  0:00  Drone  
  13  0:12  Overlord  
  13  0:17  Drone  
  14  0:30  Drone  
  15  0:46  Hatchery  
  15  0:48  Drone  
  15  0:52  Drone  
  15  0:55  Drone  
  17  0:59  Drone  
  18  1:09  Extractor  
  17  1:14  Spawning Pool  
  17  1:17  Drone  
  17  1:21  Drone  
  18  1:32  Drone  
  19  1:42  Drone  
  20  1:53  Drone  
  21  1:58  Drone  
  21  2:01  Queen x2  
  26  2:04  Overlord  
  26  2:08  Zergling x2  
  26  2:13  Metabolic Boost  
  27  2:16  Drone  
  28  2:23  Zergling x2  
  28  2:25  Drone  
  30  2:30  Drone  
  30  2:36  Drone  
  32  2:41  Queen  
  34  2:45  Hatchery  
  34  2:49  Overlord  
  33  2:51  Drone  
  33  2:53  Drone  
  35  3:03  Drone  
  36  3:09  Overlord  
  36  3:10  Drone x2  
  36  3:12  Drone x4  
  42  3:18  Queen  
  44  3:25  Overlord  
  44  3:30  Drone x3  
  44  3:31  Drone  
  48  3:44  Overlord  
  48  3:45  Drone x3  
  51  3:53  Overlord, Drone  
  52  4:00  Roach Warren, Extractor x2, Drone x5  
  54  4:06  Overlord  
  54  4:08  Drone  
  55  4:10  Spore Crawler  
  55  4:13  Spore Crawler  
  55  4:14  Spore Crawler, Drone  
  53  4:17  Drone  
  53  4:20  Drone  
  53  4:21  Drone  
  56  4:24  Overlord  
  56  4:28  Lair, Drone x2  
  56  4:30  Overlord  
  58  4:35  Overlord  
  58  4:41  Roach x3  
  58  4:43  Roach x2  
  67  4:47  Roach  
  69  4:53  Roach  
  69  4:57  Roach x4  
  79  5:01  Overlord  
  79  5:03  Roach  
  81  5:07  Overlord  
  81  5:09  Roach  
  81  5:10  Roach  
  81  5:13  Roach x2  
  89  5:16  Overlord  
  89  5:20  Overlord  
  89  5:21  Roach  
  89  5:22  Roach  
  91  5:33  Roach x4  
  93  5:36  Overlord  
  93  5:39  Roach x2  
  93  5:45  Roach x2  
  97  5:51  Roach x2  
  97  5:52  Overlord  
  101  5:58  Overlord  
  101  6:01  Roach  
  103  6:07  Overlord  
  103  6:08  Glial Reconstitution  
  95  6:19  Roach x4  
  95  6:20  Roach  
  99  6:26  Roach x2  
  99  6:30  Roach  
  101  6:38  Roach  
  101  6:39  Roach  
  98  6:48  Roach x4  
  106  6:57  Overlord  
  106  6:59  Extractor  
  105  7:01  Hatchery  
  105  7:04  Infestation Pit  
  103  7:12  Drone x4  
  104  7:37  Drone x8  
  100  7:52  Roach x6  
  100  8:08  Swarm Host x2  
  94  8:14  Swarm Host x3  
  84  8:24  Roach  
  85  8:28  Roach  
  85  8:29  Roach x4  
  89  8:36  Roach  
  89  8:37  Roach x3  
  92  8:51  Roach x5  
  93  9:04  Drone x3  
  96  9:13  Drone x5  
  101  9:19  Drone x3  
  101  9:23  Drone x2  
  106  9:33  Swarm Host x3  
  115  9:43  Swarm Host  
  116  9:50  Roach x3  
  120  9:53  Queen  
  120  9:55  Drone x2  
  120  9:58  Overlord  
  124  10:06  Overlord  
  124  10:14  Swarm Host  
  127  10:24  Hatchery, Overlord  
  116  10:29  Drone x2  
  116  10:30  Drone x4  
  112  10:56  Hydralisk Den, Drone x10  
  117  11:09  Overlord  
  117  11:11  Drone x5  
  122  11:18  Drone x2  
  124  11:19  Evolution Chamber, Drone  
  124  11:21  Drone  
  124  11:23  Drone  
  126  11:30  Overlord  
  126  11:31  Overlord  
  123  11:44  Drone x10  
  128  11:58  Roach x5  
  133  12:09  Hydralisk  
  133  12:10  Hydralisk x2  
  133  12:14  Grooved Spines  
  133  12:15  Zerg Missile Weapons Level 1  
  139  12:16  Hydralisk  
  139  12:17  Extractor  
  141  12:23  Hydralisk x3  
  147  12:30  Hydralisk  
  147  12:31  Hydralisk  
  147  12:36  Drone  
  147  12:37  Drone x4  
  156  12:45  Overlord  
  156  12:46  Hydralisk x3  
  160  13:06  Overlord  
  160  13:08  Swarm Host x8  
  175  13:26  Swarm Host x3  
  184  13:30  Drone  
  184  13:31  Extractor x2, Drone x2  
  184  13:32  Drone x3  
  184  13:33  Overlord  
  188  13:36  Drone x2  
  188  13:39  Overlord  
  189  13:42  Overlord  
  189  13:45  Overlord  
  189  13:46  Muscular Augments  
  189  13:55  Hydralisk x4  
  197  14:06  Hydralisk  
  197  14:11  Hatchery  
  178  14:17  Overseer  
  178  14:26  Pneumatized Carapace, Overseer x2  
  178  14:29  Hydralisk x3  
  165  14:42  Hatchery  
  165  14:43  Roach  
  165  14:44  Roach x9  
  176  15:02  Hydralisk x4  
  176  15:05  Drone  
  176  15:06  Drone  
  186  15:17  Overseer  
Show
View Real Time Build Order
Export as new Build Order

Harstem Protoss 

Build Orders: 1 Gate Expand, Phoenix Opening, Mass Adepts 

Get SALT Encoding   

  12  0:00  Probe  
  13  0:12  Probe  
  14  0:20  Pylon  
  14  0:25  Probe  
  15  0:29  Assimilator  
  15  0:34  Probe  
  15  0:42  Probe  
  16  0:47  Gateway  
  17  0:52  Probe  
  18  1:04  Probe  
  19  1:16  Probe  
  20  1:23  Nexus  
  21  1:35  Cybernetics Core, Probe  
  21  1:40  Assimilator  
  21  1:47  Probe  
  21  1:52  Pylon  
  22  2:00  Probe  
  23  2:02  Adept  
  23  2:11  Warp Gate  
  23  2:12  Probe  
  26  2:20  Stargate  
  26  2:21  Probe  
  26  2:28  Adept  
  26  2:29  Probe  
  29  2:35  Probe  
  31  2:38  Probe  
  32  2:47  Probe  
  32  2:50  Probe  
  34  2:52  Assimilator  
  34  2:57  Phoenix  
  34  2:59  Probe  
  34  3:02  Probe  
  38  3:11  Probe  
  38  3:12  Gateway  
  39  3:17  Twilight Council  
  39  3:19  Probe  
  40  3:23  Probe  
  41  3:29  Gateway  
  41  3:35  Robotics Facility  
  41  3:37  Probe  
  41  3:38  Resonating Glaives  
  43  3:44  Gateway  
  43  3:46  Gateway  
  42  3:51  Pylon  
  43  3:57  Pylon, Probe  
  43  4:01  Probe  
  44  4:09  Probe  
  45  4:12  Warp Prism  
  45  4:13  Probe  
  45  4:14  Adept x2  
  50  4:22  Pylon  
  52  4:25  Adept  
  54  4:36  Adept x2  
  58  4:40  Pylon  
  58  4:42  Adept x2  
  58  4:44  Adept  
  64  4:51  Pylon  
  64  5:03  Adept  
  64  5:04  Adept x4  
  73  5:10  Probe x2  
  75  5:24  Adept x5  
  81  5:37  Nexus  
  79  5:44  Adept x3  
  83  5:56  Pylon, Probe  
  82  6:04  Probe  
  82  6:09  Probe  
  84  6:12  Robotics Facility  
  84  6:14  Forge  
  84  6:15  Pylon  
  84  6:16  Probe  
  81  6:22  Adept x4  
  87  6:26  Immortal  
  87  6:29  Probe  
  87  6:31  Sentry  
  86  6:45  Probe  
  77  6:47  Adept x4  
  77  6:48  Probe  
  84  6:54  Probe  
  84  6:56  Immortal  
  84  6:57  Probe  
  84  7:00  Probe  
  87  7:02  Shield Battery  
  87  7:07  Zealot  
  93  7:12  Immortal  
  93  7:14  Probe x2  
  96  7:17  Pylon  
  96  7:18  Assimilator  
  99  7:23  Probe x3  
  101  7:31  Adept  
  101  7:32  Adept  
  101  7:35  Probe  
  101  7:36  Probe  
  104  7:39  Adept x2  
  104  7:42  Adept  
  107  7:46  Probe  
  107  7:51  Immortal  
  90  8:01  Probe  
  90  8:03  Adept  
  90  8:04  Adept x3  
  93  8:08  Probe  
  83  8:19  Probe  
  70  8:21  Adept  
  70  8:22  Probe  
  70  8:24  Immortal  
  70  8:25  Zealot  
  71  8:27  Probe  
  71  8:31  Probe  
  67  8:34  Zealot  
  67  8:36  Probe  
  67  8:39  Probe  
  67  8:43  Sentry, Zealot  
  69  8:51  Adept x2  
  69  8:55  Probe  
  71  8:56  Adept  
  71  8:59  Immortal  
  67  9:03  Probe x2  
  69  9:10  Zealot  
  69  9:11  Probe  
  69  9:16  Void Ray  
  72  9:21  Zealot  
  77  9:32  Adept  
  77  9:33  Probe  
  77  9:40  Adept  
  80  9:45  Probe  
  78  10:01  Nexus  
  78  10:02  Sentry x2  
  78  10:05  Pylon  
  82  10:07  Immortal  
  82  10:18  Protoss Ground Weapons Level 1  
  82  10:21  Probe  
  87  10:39  Immortal  
  87  10:40  Immortal  
  87  10:48  Probe  
  87  10:49  Probe  
  95  11:00  Probe  
  95  11:01  Oracle  
  95  11:02  Adept x2  
  94  11:05  Probe  
  94  11:07  Dark Shrine  
  98  11:14  Adept  
  98  11:15  Adept  
  102  11:24  Immortal  
  106  11:31  Shield Battery  
  106  11:37  Shield Battery  
  106  11:43  Adept x3  
  108  11:50  Adept x2  
  108  11:51  Probe  
  95  11:54  Probe  
  95  11:55  Probe  
  95  11:59  Probe  
  97  12:03  Probe  
  97  12:06  Probe  
  97  12:07  Probe  
  100  12:14  Pylon  
  104  12:29  Dark Templar x2  
  105  12:30  Dark Templar  
  107  12:40  Probe x2  
  109  12:46  Dark Templar x2  
  109  12:48  Probe  
  114  12:54  Probe  
  115  12:59  Probe  
  115  13:03  Templar Archives  
  115  13:04  Probe  
  117  13:05  Archon  
  117  13:20  Pylon  
  117  13:21  Pylon  
  117  13:22  Pylon  
  117  13:24  Probe x2  
  117  13:27  Assimilator  
  117  13:31  Pylon  
  117  13:33  Assimilator  
  117  13:38  Probe x2  
  119  13:41  Psionic Storm  
  119  13:42  Probe  
  120  13:49  Photon Cannon  
  120  13:51  Pylon  
  121  13:57  High Templar x2  
  121  13:58  High Templar x2  
  121  13:59  Sentry  
  121  14:01  Shield Battery  
  126  14:13  Archon  
  106  14:27  Dark Templar, Immortal  
  106  14:30  Dark Templar x3  
  100  14:34  Probe  
  89  14:42  Probe  
  89  14:43  Photon Cannon  
  94  14:49  Gateway  
  94  14:50  Immortal  
  94  14:57  High Templar  
  94  15:01  Archon  
  94  15:02  Zealot x3  
  100  15:18  Archon  
  100  15:20  Zealot  
  92  15:26  Zealot  
  92  15:27  Zealot x2  
Tags
 
Add a new tag
Caveats
  • Supply blocks, unpowered buildings, or Contaminate may cause inaccurate times.
  • Supply counts are checked every 10 seconds.